EL
TRENTON THUNDER @ PORTLAND SEA DOGS
04/21/2049
 
TOP OF THE 1ST
Trenton Thunder batting - Pitching for Portland Sea Dogs : RHP Michael Vazquez
Pitching: RHP Michael Vazquez
Batting: LHB Justin O'Neal 0-0: Ball
1-0: Swinging Strike
1-1: Foul Ball, location: 2F
1-2: Strikes out swinging
Batting: LHB Steve LeGrand 0-0: Called Strike
0-1: Called Strike
0-2: Ball
1-2: Ball
2-2: Strikes out swinging, 2-3 out at first.
Batting: LHB Jared Zulkowski 0-0: Ball
1-0: Foul Ball, location: 2F
1-1: Ball
2-1: Ball
3-1: Fly out, F9 (Flyball, 9S, EV 88.8 MPH)
Top of the 1st over - 0 runs, 0 hits, 0 errors, 0 left on base; Trenton 0 - Portland 0
BOTTOM OF THE 1ST
Portland Sea Dogs batting - Pitching for Trenton Thunder : RHP John Robidoux
Pitching: RHP John Robidoux
Batting: RHB Jim Hubbard 0-0: Ball
1-0: Ball
2-0: Swinging Strike
2-1: Foul Ball, location: 2F
2-2: SINGLE (Groundball, 56, EV 100.0 MPH)
Batting: RHB Travis Campbell 0-0: Foul Ball, location: 2F
0-1: Foul Ball, location: 2F
0-2: Foul Ball, location: 2F
0-2: Foul Ball, location: 2F
0-2: Ball
1-2: Fielders Choice at 2nd, 4-6 (Groundball, 34, EV 80.6 MPH)
Batting: RHB Ernie Genier 0-0: 2-RUN HOME RUN (Flyball, 7LD, EV 98.8 MPH), Distance : 378 ft
Batting: RHB Alex Melendez 0-0: Ball
1-0: Foul Ball, location: 2F
1-1: Called Strike
1-2: Ball
2-2: Ball
3-2: Strikes out swinging
Batting: RHB Mike Batko 0-0: Ball
1-0: Ball
2-0: Swinging Strike
2-1: Ball
3-1: Base on Balls
Batting: LHB Keith Rice 0-0: Foul Ball, location: 2F
0-1: Ground out 4-3 (Groundball, 4, EV 98.8 MPH)
Bottom of the 1st over - 2 runs, 2 hits, 0 errors, 1 left on base; Trenton 0 - Portland 2
TOP OF THE 2ND
Trenton Thunder batting - Pitching for Portland Sea Dogs : RHP Michael Vazquez
Batting: SHB Corey Penson 0-0: Fly out, F5 (Line Drive, 5L, EV 67.5 MPH)
Batting: RHB Sam Hubbert 0-0: Foul Ball, location: 2F
0-1: Foul Ball, location: 2F
0-2: Ball
1-2: Ground out 6-3 (Groundball, 6M, EV 89.4 MPH)
Batting: RHB Josh Zoglmann 0-0: Swinging Strike
0-1: Swinging Strike
0-2: Strikes out swinging
Top of the 2nd over - 0 runs, 0 hits, 0 errors, 0 left on base; Trenton 0 - Portland 2
BOTTOM OF THE 2ND
Portland Sea Dogs batting - Pitching for Trenton Thunder : RHP John Robidoux
Batting: RHB Miguel Villanueva 0-0: Ball
1-0: Called Strike
1-1: Swinging Strike
1-2: Strikes out looking
Batting: RHB Frank Sokolosky 0-0: Foul Ball, location: 2F
0-1: Swinging Strike
0-2: Ball
1-2: Ball
2-2: Strikes out swinging
Batting: LHB Dave Reyes 0-0: Called Strike
0-1: Ball
1-1: Ground out 3-1 (Groundball, 34, EV 83.8 MPH)
Bottom of the 2nd over - 0 runs, 0 hits, 0 errors, 0 left on base; Trenton 0 - Portland 2
TOP OF THE 3RD
Trenton Thunder batting - Pitching for Portland Sea Dogs : RHP Michael Vazquez
Batting: RHB Christian Shearer 0-0: Ground out U3 (Groundball, 3L, EV 88.8 MPH)
Batting: RHB Jonathan Iniguez 0-0: Ball
1-0: Foul Ball, location: 2F
1-1: SINGLE (Groundball, 4MD, EV 99.4 MPH)
Batting: SHB Houston Phillips 0-0: Called Strike
0-1: Ball
1-1: Foul Ball, location: 2F
1-2: Ball
2-2: Strikes out looking
Jonathan Iniguez steals 2nd, throwing error, E2
Jonathan Iniguez to third
Batting: LHB Justin O'Neal 0-0: Called Strike
0-1: Swinging Strike
0-2: Foul Ball, location: 2F
0-2: Ball
1-2: Foul Ball, location: 2F
1-2: Foul Ball, location: 2F
1-2: Ball
2-2: Foul Ball, location: 2F
2-2: Strikes out swinging
Top of the 3rd over - 0 runs, 1 hit, 1 error, 1 left on base; Trenton 0 - Portland 2
BOTTOM OF THE 3RD
Portland Sea Dogs batting - Pitching for Trenton Thunder : RHP John Robidoux
Batting: RHB Jim Hubbard 0-0: Called Strike
0-1: Ground out 6-3 (Groundball, 6, EV 83.8 MPH)
Batting: RHB Travis Campbell 0-0: Ball
1-0: Called Strike
1-1: Ground out 6-3 (Groundball, 6, EV 83.1 MPH)
Batting: RHB Ernie Genier 0-0: Ball
1-0: Called Strike
1-1: Swinging Strike
1-2: Strikes out swinging
Bottom of the 3rd over - 0 runs, 0 hits, 0 errors, 0 left on base; Trenton 0 - Portland 2
TOP OF THE 4TH
Trenton Thunder batting - Pitching for Portland Sea Dogs : RHP Michael Vazquez
Batting: LHB Steve LeGrand 0-0: Fly out, F6 (Popup, 6MD, EV 68.1 MPH)
Batting: LHB Jared Zulkowski 0-0: Ball
1-0: Foul Ball, location: 2F
1-1: Foul Ball, location: 2F
1-2: Ball
2-2: Ground out 5-3 (Groundball, 56, EV 80.0 MPH)
Batting: SHB Corey Penson 0-0: Fly out, F8 (Flyball, 8RS, EV 88.1 MPH)
Top of the 4th over - 0 runs, 0 hits, 0 errors, 0 left on base; Trenton 0 - Portland 2
BOTTOM OF THE 4TH
Portland Sea Dogs batting - Pitching for Trenton Thunder : RHP John Robidoux
Batting: RHB Alex Melendez 0-0: Foul Ball, location: 2F
0-1: Ground out 5-3 (Groundball, 56, EV 77.5 MPH)
Batting: RHB Mike Batko 0-0: Foul Ball, location: 2F
0-1: Called Strike
0-2: Strikes out swinging
Batting: LHB Keith Rice 0-0: Called Strike
0-1: Fly out, F7 (Line Drive, 78M, EV 87.5 MPH)
Bottom of the 4th over - 0 runs, 0 hits, 0 errors, 0 left on base; Trenton 0 - Portland 2
TOP OF THE 5TH
Trenton Thunder batting - Pitching for Portland Sea Dogs : RHP Michael Vazquez
Batting: RHB Sam Hubbert 0-0: Ball
1-0: SINGLE (Line Drive, 8RS, EV 101.9 MPH)
Batting: RHB Josh Zoglmann 0-0: Called Strike
0-1: Foul Ball, location: 2F
0-2: Strikes out swinging
Batting: RHB Christian Shearer 0-0: Called Strike
0-1: Foul Ball, location: 2F
0-2: Foul Ball, location: 2F
0-2: Ball
1-2: Grounds into double play, 4-6-3 (Groundball, 4M, EV 83.1 MPH)
Top of the 5th over - 0 runs, 1 hit, 0 errors, 0 left on base; Trenton 0 - Portland 2
BOTTOM OF THE 5TH
Portland Sea Dogs batting - Pitching for Trenton Thunder : RHP John Robidoux
Batting: RHB Miguel Villanueva 0-0: SINGLE (Groundball, P, EV 83.8 MPH) (infield hit)
Batting: RHB Frank Sokolosky 0-0: Swinging Strike
0-1: Ball
1-1: TRIPLE (Flyball, 89XD, EV 105.0 MPH)
Miguel Villanueva scores
Batting: LHB Dave Reyes 0-0: Called Strike
0-1: DOUBLE (Flyball, 8RXD, EV 105.0 MPH)
Frank Sokolosky scores
Batting: RHB Jim Hubbard 0-0: Ball
1-0: Called Strike
1-1: Foul Ball, location: 2F
1-2: Ball
2-2: Ball
3-2: Foul Ball, location: 2F
3-2: Base on Balls
Batting: RHB Travis Campbell 0-0: Swinging Strike
0-1: Foul Ball, location: 2F
0-2: Ball
1-2: 3-RUN HOME RUN (Flyball, 78XD, EV 110.6 MPH), Distance : 417 ft
Batting: RHB Ernie Genier 0-0: Ball
1-0: Foul Ball, location: 2F
1-1: Hit by Pitch
Batting: RHB Alex Melendez 0-0: Foul Ball, location: 2F
0-1: Ball
1-1: Foul Ball, location: 2F
1-2: SINGLE (Groundball, 56D, EV 98.1 MPH)
Ernie Genier to second
Pitching: RHP David Durr
Batting: RHB Mike Batko 0-0: Ball
1-0: Ball
2-0: Ball
3-0: Foul Ball, location: 2F
3-1: Base on Balls
Ernie Genier to third
Alex Melendez to second
Batting: LHB Keith Rice 0-0: Ball
1-0: Called Strike
1-1: SINGLE (Groundball, 3D, EV 101.9 MPH)
Ernie Genier scores
Alex Melendez to third
Mike Batko to second
Batting: RHB Miguel Villanueva 0-0: Called Strike
0-1: Swinging Strike
0-2: Foul Ball, location: 2F
0-2: Foul Ball, location: 2F
0-2: Ball
1-2: Strikes out swinging
Batting: RHB Frank Sokolosky 0-0: Ball
1-0: Fielders Choice at 2nd, 6-4 (Groundball, 6M, EV 105.0 MPH)
Alex Melendez scores
Mike Batko to third
Batting: LHB Dave Reyes 0-0: Foul Ball, location: 2F
0-1: Ground out U3 (Groundball, 34, EV 83.8 MPH)
Bottom of the 5th over - 7 runs, 6 hits, 0 errors, 2 left on base; Trenton 0 - Portland 9
TOP OF THE 6TH
Trenton Thunder batting - Pitching for Portland Sea Dogs : RHP Michael Vazquez
Batting: RHB Jonathan Iniguez 0-0: Called Strike
0-1: Swinging Strike
0-2: Foul Ball, location: 2F
0-2: Ball
1-2: Ball
2-2: Fly out, F7 (Flyball, 7S, EV 90.0 MPH)
Batting: SHB Houston Phillips 0-0: Swinging Strike
0-1: Called Strike
0-2: Ball
1-2: Ball
2-2: Ball
3-2: Foul Ball, location: 2F
3-2: Foul Ball, location: 2F
3-2: Strikes out looking
Batting: LHB Justin O'Neal 0-0: Foul Ball, location: 2F
0-1: Called Strike
0-2: Ball
1-2: Foul Ball, location: 2F
1-2: Ball
2-2: Ball
3-2: Foul Ball, location: 2F
3-2: Ground out U3 (Groundball, 3, EV 83.1 MPH)
Top of the 6th over - 0 runs, 0 hits, 0 errors, 0 left on base; Trenton 0 - Portland 9
BOTTOM OF THE 6TH
Portland Sea Dogs batting - Pitching for Trenton Thunder : RHP David Durr
Pitching: RHP Ken Howington
Batting: RHB Jim Hubbard 0-0: Ball
1-0: Swinging Strike
1-1: Ball
2-1: Ground out 6-3 (Groundball, 6, EV 78.1 MPH)
Batting: RHB Travis Campbell 0-0: Foul Ball, location: 2F
0-1: Foul Ball, location: 2F
0-2: Fly out, F7 (Flyball, 78XD, EV 86.9 MPH)
Batting: RHB Ernie Genier 0-0: Called Strike
0-1: Ball
1-1: Swinging Strike
1-2: Ball
2-2: Foul Ball, location: 2F
2-2: Ball
3-2: DOUBLE (Line Drive, 3D, EV 100.6 MPH) - OUT at third base trying to stretch hit.
Bottom of the 6th over - 0 runs, 1 hit, 0 errors, 0 left on base; Trenton 0 - Portland 9
TOP OF THE 7TH
Trenton Thunder batting - Pitching for Portland Sea Dogs : RHP Michael Vazquez
Pinch Hitting: LHB Bart Davies 0-0: Called Strike
0-1: Ball
1-1: Called Strike
1-2: Foul Ball, location: 2F
1-2: Ball
2-2: Ground out 6-3 (Groundball, 6M, EV 101.2 MPH)
Batting: LHB Jared Zulkowski 0-0: Ball
1-0: Ball
2-0: Swinging Strike
2-1: Foul Ball, location: 2F
2-2: Strikes out swinging
Pinch Hitting: LHB Victor Fiallos 0-0: Ball
1-0: Foul Ball, location: 2F
1-1: Ball
2-1: Foul Ball, location: 2F
2-2: Ball
3-2: Strikes out looking
Top of the 7th over - 0 runs, 0 hits, 0 errors, 0 left on base; Trenton 0 - Portland 9
BOTTOM OF THE 7TH
Portland Sea Dogs batting - Pitching for Trenton Thunder : RHP Ken Howington
Now at 1B: Victor Fiallos
Now in LF: Alex Colon
Batting: RHB Alex Melendez 0-0: Swinging Strike
0-1: Foul Ball, location: 2F
0-2: SOLO HOME RUN (Flyball, 7LD, EV 101.9 MPH), Distance : 380 ft
Pinch Hitting: LHB Parker Lowe 0-0: Ball
1-0: Foul Ball, location: 2F
1-1: SINGLE (Line Drive, 4MD, EV 106.9 MPH)
Pitching: RHP Joe Shaw
Batting: LHB Keith Rice 0-0: Called Strike
0-1: Ball
1-1: Swinging Strike
1-2: DOUBLE (Line Drive, 7LS, EV 111.2 MPH)
Parker Lowe to third
Batting: RHB Miguel Villanueva 0-0: Called Strike
0-1: Swinging Strike
0-2: Ball
1-2: Ball
2-2: Strikes out swinging
Batting: RHB Frank Sokolosky 0-0: Fly out, F8 (Line Drive, 8RD, EV 93.8 MPH)
Runner from 3rd tags up, SCORES, throw by CF
Keith Rice to third
Batting: LHB Dave Reyes 0-0: Called Strike
0-1: Ball
1-1: Ball
2-1: Ball
3-1: Base on Balls
Batting: RHB Jim Hubbard 0-0: Called Strike
0-1: Ball
1-1: Swinging Strike
1-2: Ball
2-2: Ball
3-2: Foul Ball, location: 2F
3-2: Foul Ball, location: 2F
3-2: Strikes out swinging
Bottom of the 7th over - 2 runs, 3 hits, 0 errors, 2 left on base; Trenton 0 - Portland 11
TOP OF THE 8TH
Trenton Thunder batting - Pitching for Portland Sea Dogs : RHP Michael Vazquez
Now at 2B: Larry Brocato
Batting: RHB Sam Hubbert 0-0: Ball
1-0: SINGLE (Line Drive, 34D, EV 96.2 MPH)
Batting: RHB Josh Zoglmann 0-0: Called Strike
0-1: Ball
1-1: Ball
2-1: Foul Ball, location: 2F
2-2: Ball
3-2: Foul Ball, location: 2F
3-2: Strikes out looking
Pitching: RHP Chris Cory
Batting: RHB Christian Shearer 0-0: Foul Ball, location: 2F
0-1: Fly out, F9 (Flyball, 89M, EV 89.4 MPH)
Batting: RHB Jonathan Iniguez 0-0: Fielders Choice at 2nd, 6-4 (Groundball, 6, EV 76.9 MPH)
Top of the 8th over - 0 runs, 1 hit, 0 errors, 1 left on base; Trenton 0 - Portland 11
BOTTOM OF THE 8TH
Portland Sea Dogs batting - Pitching for Trenton Thunder : RHP Joe Shaw
Pitching: RHP Roberto Tena
Batting: RHB Travis Campbell 0-0: Ball
1-0: Ball
2-0: Swinging Strike
2-1: Fly out, F9 (Flyball, 9S, EV 94.4 MPH)
Batting: RHB Ernie Genier 0-0: Called Strike
0-1: Foul Ball, location: 2F
0-2: Ball
1-2: Fly out, F7 (Flyball, 78S, EV 91.9 MPH)
Batting: RHB Alex Melendez 0-0: Ball
1-0: Ball
2-0: Called Strike
2-1: Fly out, F7 (Flyball, 7D, EV 104.4 MPH)
Bottom of the 8th over - 0 runs, 0 hits, 0 errors, 0 left on base; Trenton 0 - Portland 11
TOP OF THE 9TH
Trenton Thunder batting - Pitching for Portland Sea Dogs : RHP Chris Cory
Batting: SHB Houston Phillips 0-0: Called Strike
0-1: Called Strike
0-2: Strikes out looking
Batting: LHB Justin O'Neal 0-0: Called Strike
0-1: Ball
1-1: Called Strike
1-2: Ball
2-2: Fly out, F9 (Flyball, 9, EV 86.2 MPH)
Batting: RHB Alex Colon 0-0: Ball
1-0: Ground out 6-3 (Groundball, 6, EV 85.6 MPH)
Top of the 9th over - 0 runs, 0 hits, 0 errors, 0 left on base; Trenton 0 - Portland 11
Sunday, July 16th , 2023 - OOTP Baseball 24.6 Build 69